 Dungeon Crawl Stone Soup version 0.27-a0-1147-gb3d8e82157 (webtiles) character file.

Game seed: 1484907014645650376

4 siradein the Shield-Bearer (level 1, 0/18 HPs)
             Began as a Human Fighter on May 11, 2021.
             Succumbed to a kobold's poison
             ... on level 1 of the Dungeon.
             The game lasted 00:00:20 (74 turns).

siradein the Shield-Bearer (Human Fighter)            Turns: 74, Time: 00:00:21

Health: 0/18       AC:  6    Str: 16    XL:     1   Next: 66%
Magic:  1/1        EV:  6    Int:  8    God:
Gold:   0          SH:  8    Dex: 12    Spells: 0/0 levels left

rFire    . . .     SeeInvis .   a - +0 long sword
rCold    . . .     Faith    .   c - +0 kite shield
rNeg     . . .     Spirit   .   b - +0 scale mail
rPois    .         Reflect  .   (no helmet)
rElec    .         Harm     .   (no cloak)
rCorr    .         Rampage  .   (no gloves)
Will     .....                  (no boots)
Stlth    ..........             (no amulet)
HPRegen  0.06/turn              (no ring)
MPRegen  0.07/turn              (no ring)

@: lethally poisoned (0 -> -1)
A: no striking features
a: no special abilities


You were on level 1 of the Dungeon.
You visited 1 branch of the dungeon, and saw 1 of its levels.

Inventory:

Hand Weapons
 a - a +0 long sword (weapon)
Armour
 b - a +0 scale mail (worn)
 c - a +0 kite shield (worn)
Potions
 d - a potion of might


   Skills:
 - Level 3.0 Fighting
 + Level 2.4 Long Blades
 - Level 3.0 Armour
 - Level 3.0 Shields


You couldn't memorise any spells.
You didn't know any spells.
Your spell library was empty.

Dungeon Overview and Level Annotations

Branches:
Dungeon (1/15)

Altars:


Message History

There are monsters nearby!
There are monsters nearby!
There are monsters nearby!
A jackal and a kobold come into view.
The kobold is wielding a +0 whip of venom.
The kobold shouts!
The jackal barks!
The kobold throws a stone.
The stone hits you but does no damage.
A jackal comes into view.
The jackal barks!
The jackal bites you but does no damage.
The jackal barely misses you.
You riposte.
You barely miss the jackal. You closely miss the jackal. The jackal bites you.
The jackal bites you but does no damage.
The jackal barely misses you.
You riposte.
You slash the jackal!
You kill the jackal!
The jackal bites you but does no damage. x3
You hit the jackal.
You kill the jackal!
The jackal closely misses you.
You riposte.
You closely miss the jackal.
The jackal bites you but does no damage.
You block the jackal's attack.
The kobold hits you with a +0 whip of venom.
You are lethally poisoned!
The jackal closely misses you.
You feel very sick.
The jackal bites you but does no damage.
You feel very sick.
You feel sick.
* * * LOW HITPOINT WARNING * * *
You feel sick.
* * * LOW HITPOINT WARNING * * *
You feel sick. The jackal barely misses you.
* * * LOW HITPOINT WARNING * * *
You feel sick.
* * * LOW HITPOINT WARNING * * *
You feel sick.
* * * LOW HITPOINT WARNING * * *
You feel sick. You block the jackal's attack.
You barely miss the jackal.
You die...

.# #. .# .. ##. ## .# #.##
.... .#. ... .... ...
..##..# #.# #.#...##
#.#####......# #.
#@##..r.†....# #.#
#h#)..#†....... #..
#h#.h.#.#...... #..####
#.......######.
#####.....# ###...###
........#.# #...#
........#.### #...#
............######...#####
........#.#...............


You could see 2 jackals.

Vanquished Creatures
  2 jackals (D:1)
  A frilled lizard (D:1)
  A rat (D:1)
4 creatures vanquished.

Notes
Turn   | Place    | Note
-------+----------+-------------------------------------------
     0 | D:1      | siradein the Human Fighter began the quest for the Orb.
     0 | D:1      | Reached XP level 1. HP: 18/18 MP: 1/1
    74 | D:1      | Succumbed to a kobold's poison

Illustrated notes

Levels and vault maps discovered:
D:1:      dpeg_arrival_shelter, layout_loops_cross, minmay_pentomino_t4

Action                   || total
-------------------------++-------
Melee: Long sword        ||     6
Armor: Scale mail        ||     8
Dodge: Dodged            ||     5
Block: Kite shield       ||     3
       Rpst.: Long sword ||     3

Table legend: (Time is in decaauts)
 A = Elapsed time spent in this place.
 B = Non-inter-level travel time spent in this place.
 C = Inter-level travel time spent in this place.
 D = Time resting spent in this place.
 E = Time spent auto-exploring this place.
 F = Levels seen in this place.
 G = Mean time per level.
                   A        B        C        D        E       F      G
               +--------+--------+--------+--------+--------+-----+--------+
         Total |     76 |     76 |      0 |      0 |     53 |   1 |   76.0 |
       Dungeon |     76 |     76 |      0 |      0 |     53 |   1 |   76.0 |
               +--------+--------+--------+--------+--------+-----+--------+

Top non-repeatable levels by time:
     D:1: 76 daAuts
